 Dungeon Crawl Stone Soup version 0.27-a0-1500-g450c7e4133 (webtiles) character file.

Game seed: 8150591545134037284

1236 Demosthentine the Spear-Bearer (level 8, -5/57 (64) HPs)
             Began as a Merfolk Gladiator on July 7, 2021.
             Was an Initiate of the Shining One.
             Slain by a wight (13 damage)
             ... on level 6 of the Dungeon.
             The game lasted 00:07:21 (4624 turns).

Demosthentine the Spear-Bearer (Merfolk Gladiator)  Turns: 4624, Time: 00:07:22

HP:   -5/57 (64)    AC:  8    Str: 16    XL:     8   Next: 49%
MP:   0/8           EV: 15    Int:  7    God:    the Shining One [......]
Gold: 1568          SH:  0    Dex: 16    Spells: 7/7 levels left

rFire    . . .     SeeInvis .   a - +0 trident
rCold    . . .     Faith    .   (no shield)
rNeg     . . .     Spirit   +   b - +0 leather armour
rPois    +         Reflect  .   h - +2 helmet
rElec    .         Harm     .   (no cloak)
rCorr    +         Rampage  .   (no gloves)
Will     .....                  s - +1 pair of boots
Stlth    +.........             l - amulet of Osol {Spirit rPois Regen+ rCorr Stlth+}
HPRegen  0.00/turn              (no ring)
MPRegen  0.11/turn              (no ring)

@: glowing, heavily drained
A: (nimble swimmer 2), mertail, inhibited regeneration, MP-powered wands
a: Renounce Religion


You were on level 6 of the Dungeon.
You worshipped the Shining One.
The Shining One was noncommittal.
You visited 2 branches of the dungeon, and saw 7 of its levels.

You collected 1568 gold pieces.

Inventory:

Hand Weapons
 a - a +0 trident (weapon)
Missiles
 d - 2 throwing nets (quivered)
 i - 6 curare-tipped darts
Armour
 b - a +0 leather armour (worn)
 h - a +2 helmet (worn)
 s - a +1 pair of boots (worn)
Jewellery
 l - the amulet of Osol (around neck) {Spirit rPois Regen+ rCorr Stlth+}
   (You acquired it on level 3 of the Dungeon)

   [amulet of guardian spirit]

   It causes incoming damage to be divided between your reserves of health and
   magic.
   rPois:     It protects you from poison.
   Regen:     It increases your rate of health regeneration.
   rCorr:     It protects you from acid and corrosion.
   Stlth:     It makes you more stealthy.
Wands
 k - a wand of iceblast (6)
 q - a wand of paralysis (8)
Potions
 c - 3 potions of might {unknown}
 e - 3 potions of curing
 f - 2 potions of flight
 g - 3 potions of brilliance {unknown}
 j - 2 potions of attraction
 m - a potion of heal wounds
 n - a potion of resistance
 o - a potion of haste {unknown}
 p - a potion of berserk rage {unknown}


   Skills:
 + Level 5.8 Fighting
 + Level 8.4 Polearms
 - Level 2.0 Throwing
 + Level 3.5 Armour
 + Level 7.5 Dodging


You had 7 spell levels left.
You didn't know any spells.
Your spell library contained the following spells:

 Spells                   Type           Power      Damage    Failure   Level
 Beastly Appendage        Tmut           0%         N/A       50%         1
 Wereblood                Tmut           0%         N/A       63%         2
 Gell's Gravitas          Tloc           0%         N/A       86%         3
 Spider Form              Tmut/Pois      0%         N/A       86%         3
 Teleport Other           Tloc           0%         N/A       86%         3
 Dispersal                Tloc           0%         N/A       100%        6


Dungeon Overview and Level Annotations

Branches:
Dungeon (6/15)             Temple (1/1) D:4

Altars:
Ashenzari
Cheibriados
Dithmenos
Elyvilon
Fedhas
Gozag
Hepliaklqana
Kikubaaqudgha
Makhleb
Nemelex Xobeh
Okawaru
Qazlal
Ru
Sif Muna
Trog
Uskayaw
Vehumet
Xom
Yredelemnul
Zin
The Shining One

Annotations:
D:6 3 runed translucent doors, Alvadar's ghost, novice DgFE


Innate Abilities, Weirdness & Mutations

((You are quick and stealthy near water. (Stealth+, EV+, Speed+++)))
Your lower body shifts to a powerful aquatic tail in water.
You do not regenerate when monsters are visible.
You expend magic power (3 MP) to strengthen your wands.


Message History

You are too injured to fight recklessly!
You are too injured to fight recklessly!
You are too injured to fight recklessly!
You are too injured to fight recklessly!
You are too injured to fight recklessly!
You are too injured to fight recklessly!
You are too injured to fight recklessly!
You are too injured to fight recklessly!
You are too injured to fight recklessly!
You are too injured to fight recklessly!
You are too injured to fight recklessly!
You are too injured to fight recklessly!
You are too injured to fight recklessly!
You barely miss the wight.
The wight is severely damaged.
The wight misses you.
You hit the wight.
The wight is severely damaged.
The wight hits you with a +3 short sword.
You feel drained.
You hit the wight but do no damage.
The wight is severely damaged.
The wight hits you but does no damage.
You puncture the wight!
You destroy the wight!
The Shining One accepts your kill.
You hit the wight but do no damage. The wight closely misses you.
You puncture the wight!
The wight is heavily damaged.
The wight hits you with a +0 broad axe!
You barely miss the wight.
The wight is heavily damaged.
The wight hits you but does no damage. The wight hits you with a +0 broad axe!
* * * LOW HITPOINT WARNING * * *
You feel drained.
* * * LOW HITPOINT WARNING * * *
You hit the wight.
The wight is severely damaged.
The wight hits you with a +0 broad axe!
You die...

#.......#
#.......#
#.....(.#
#.......#
#.......#
#.......#
#....z..##
#.#@†.##
##.z###.####.#
.....#........#
#####.#.#.######
..#...## #
#.##.##
...#.##.##.#
...........#
#.##.##.####


You could see 2 wights.

Vanquished Creatures
  A steam dragon (D:5)
  An orc warrior (D:3)
  A centaur (D:3)
  A bullfrog (D:6)
  A gnoll sergeant (D:5)
  2 scorpions
  A water moccasin skeleton (D:6)
  3 wights (D:6)
  A howler monkey (D:5)
  A jelly (D:6)
  A centaur skeleton (D:4)
  An orc priest (D:4)
  4 iguanas
  An orc wizard (D:3)
  7 adders
  7 gnolls
  An adder skeleton (D:4)
  2 worms
  4 dart slugs
  13 orcs
  4 ball pythons
  7 bats
  5 endoplasms
  4 giant cockroaches
  12 hobgoblins
  8 jackals
  4 quokkas
  3 frilled lizards (D:1)
  12 goblins
  7 kobolds
  4 rats
124 creatures vanquished.

Notes
Turn   | Place    | Note
-------+----------+-------------------------------------------
     0 | D:1      | Demosthentine the Merfolk Gladiator began the quest for the
                  | Orb.
     0 | D:1      | Reached XP level 1. HP: 16/16 MP: 1/1
    83 | D:1      | Reached XP level 2. HP: 18/23 MP: 2/2
   470 | D:1      | Found a faded altar of an unknown god.
   495 | D:1      | Reached XP level 3. HP: 28/28 MP: 3/3
   574 | D:1      | Reached skill level 5 in Polearms
  1326 | D:2      | Reached skill level 1 in Armour
  1420 | D:2      | Found a shadowy altar of Dithmenos.
  1685 | D:3      | Reached XP level 4. HP: 35/35 MP: 4/4
  2046 | D:3      | Noticed a centaur
  2063 | D:3      | Killed a centaur
  2064 | D:3      | Reached skill level 5 in Dodging
  2064 | D:3      | Reached XP level 5. HP: 30/41 MP: 5/5
  2561 | D:3      | Reached skill level 6 in Polearms
  2706 | D:3      | Identified 3 scrolls of acquirement
  2706 | D:3      | Acquired 677 gold pieces
  2708 | D:3      | Acquired 656 gold pieces
  2710 | D:3      | Acquired the amulet of Osol {Spirit rPois Regen+ rCorr
                  | Stlth+}
  2719 | D:4      | Noticed an orc warrior
  2744 | D:3      | Killed an orc warrior
  2745 | D:3      | Reached XP level 6. HP: 38/48 MP: 3/6
  3038 | D:4      | Found a staircase to the Ecumenical Temple.
  3088 | Temple   | Entered the Ecumenical Temple
  3212 | Temple   | Became a worshipper of the Shining One
  3277 | D:4      | Reached XP level 7. HP: 55/55 MP: 7/7
  3337 | D:4      | Gained mutation: You sometimes lose the ability to read
                  | scrolls when taking damage. [potion of mutation]
  3337 | D:4      | Gained mutation: You expend magic power (3 MP) to
                  | strengthen your wands. [potion of mutation]
  3337 | D:4      | Gained mutation: Your body sometimes deteriorates upon
                  | taking damage. [potion of mutation]
  3341 | D:4      | Reached skill level 7 in Polearms
  3366 | D:4      | Lost mutation: You sometimes lose the ability to read
                  | scrolls when taking damage. [potion of mutation]
  3366 | D:4      | Lost mutation: Your body sometimes deteriorates upon taking
                  | damage. [potion of mutation]
  3366 | D:4      | Gained mutation: You do not regenerate when monsters are
                  | visible. [potion of mutation]
  3734 | D:5      | Entered Level 5 of the Dungeon
  3734 | D:5      | Noticed a steam dragon
  3743 | D:5      | Killed a steam dragon
  3813 | D:5      | Reached skill level 5 in Fighting
  4017 | D:5      | Reached XP level 8. HP: 62/62 MP: 8/8
  4445 | D:6      | Found a runed translucent gate.
  4445 | D:6      | Found a runed translucent gate.
  4447 | D:6      | Found a runed translucent gate.
  4456 | D:6      | Reached skill level 8 in Polearms
  4469 | D:6      | Noticed Alvadar's ghost (novice DgFE)
  4624 | D:6      | Slain by a wight

Illustrated notes

Levels and vault maps discovered:
D:1:      zaba_arrival_water, layout_basic, chequers_ecumenical_altar_grove,
          minmay_pentomino_q4
D:2:      layout_rooms, basic_altar, chequers_serial_rivers_micro_b
D:3:      layout_loops_ring, grunt_ministairs_6
D:4:      layout_loops_cross, minmay_temple_entry_statues_fountains
D:5:      layout_loops_cross
D:6:      layout_loops_cross, serial_shops, shop, ebering_ghost_rock_garden
Temple:   kilobyte_greek_temple

Skill      XL: |  1  2  3  4  5  6  7  8 |
---------------+-------------------------+-----
Polearms       | 5 6 7 8 |  8.4
Armour         | 1 2 3 |  3.5
Fighting       | 3 4 5 |  5.8
Dodging        | 5 6 7 |  7.5
Throwing       | |  2.0

Action                   |  1- 3 |  4- 6 |  7- 9 || total
-------------------------+-------+-------+-------++-------
Melee: Trident           |   145 |   195 |   207 ||   547
Throw: Throwing net      |       |     2 |     1 ||     3
  Use: Scroll            |     3 |     3 |     5 ||    11
       Potion            |       |     1 |     4 ||     5
 Stab: Sleeping          |     1 |     2 |       ||     3
       Held in net/web   |       |     3 |       ||     3
Armor: Leather armour    |    37 |    49 |    43 ||   129
Dodge: Dodged            |    80 |   141 |   127 ||   348

Table legend: (Time is in decaauts)
 A = Elapsed time spent in this place.
 B = Non-inter-level travel time spent in this place.
 C = Inter-level travel time spent in this place.
 D = Time resting spent in this place.
 E = Time spent auto-exploring this place.
 F = Levels seen in this place.
 G = Mean time per level.
                   A        B        C        D        E       F      G
               +--------+--------+--------+--------+--------+-----+--------+
         Total |   4614 |   4528 |     86 |     82 |   3486 |   7 |  659.1 |
       Dungeon |   4431 |   4345 |     86 |     82 |   3327 |   6 |  738.5 |
        Temple |    182 |    182 |      0 |      0 |    159 |   1 |  182.0 |
               +--------+--------+--------+--------+--------+-----+--------+

Top non-repeatable levels by time:
     D:3: 1143 daAuts
     D:1: 1129 daAuts
     D:4: 774 daAuts
     D:5: 660 daAuts
     D:2: 549 daAuts
  Temple: 182 daAuts
     D:6: 174 daAuts
